 Dungeon Crawl Stone Soup version 0.30-a0-782-ge64f9170bb (webtiles) character file.

Game seed: 848851989134202058

30 PLAYERX the Cudgeller (level 3, -7/28 HPs)
             Began as a Gnoll Wanderer on Feb 18, 2023.
             Killed from afar by an orc wizard (10 damage)
             ... with a puff of flame
             ... on level 2 of the Dungeon.
             The game lasted 00:05:25 (1189 turns).

PLAYERX the Cudgeller (Gnoll Wanderer)              Turns: 1189, Time: 00:05:25

Health: -7/28      AC:  6    Str: 17    XL:     3   Next: 20%
Magic:  9/9        EV: 10    Int: 10    God:
Gold:   115        SH:  0    Dex:  8    Spells: 11/12 levels left

rFire   . . .      SeeInvis .    a - +2 mace
rCold   . . .      Faith    .    (no shield)
rNeg    . . .      Spirit   .    b - +0 scale mail
rPois   .          Reflect  .    (no helmet)
rElec   .          Harm     .    (no cloak)
rCorr   .          Rampage  .    (no gloves)
Will    .....                    (no boots) Stlth
                                 (no amulet)
HPRegen 0.24/turn                (no ring)
MPRegen 0.11/turn                (no ring)

@: confused, hasted, very quick
A: fangs 1, strong nose, distributed training
a: no special abilities


You were on level 2 of the Dungeon.
You visited 1 branch of the dungeon, and saw 2 of its levels.

You collected 115 gold pieces.

Inventory:

Hand Weapons
 a - a +2 mace (weapon)
Armour
 b - a +0 scale mail (worn)
Scrolls
 i - a scroll of enchant armour {unknown}
Potions
 d - 2 potions of curing {unknown}
 e - a potion of cancellation {unknown}
 f - a potion of mutation {unknown}
 g - 2 potions of brilliance {unknown}
 h - a potion of ambrosia {unknown}


   Skills:
 + Level 2.6 Fighting
 + Level 0.7 Short Blades
 + Level 0.7 Long Blades
 + Level 0.7 Axes
 + Level 6.5 Maces & Flails
 + Level 0.7 Polearms
 + Level 0.7 Staves
 + Level 0.7 Ranged Weapons
 + Level 0.7 Throwing
 + Level 2.6 Armour
 + Level 2.6 Dodging
 + Level 2.3 Stealth
 + Level 0.7 Shields
 + Level 0.7 Unarmed Combat
 + Level 5.0 Spellcasting
 + Level 0.5 Conjurations
 + Level 0.5 Hexes
 + Level 0.5 Summonings
 + Level 0.5 Necromancy
 + Level 0.5 Translocations
 + Level 0.5 Transmutations
 + Level 0.5 Fire Magic
 + Level 2.1 Ice Magic
 + Level 0.5 Air Magic
 + Level 0.5 Earth Magic
 + Level 0.5 Poison Magic
 + Level 0.9 Invocations
 + Level 0.7 Evocations


You had 11 spell levels left.
You knew the following spells:

 Your Spells              Type           Power      Damage    Failure   Level
a - Freeze                Ice            24%        1d4       32%         1

Your spell library contained the following spells:

 Spells                   Type           Power      Damage    Failure   Level
 Frozen Ramparts          Ice            12%        1d2       67%         3
 Portal Projectile        Hex/Tloc       6%         N/A       88%         3
 Tukima's Dance           Hex            3%         N/A       88%         3
 Blade Hands              Tmut           1%         N/A       100%        5


Dungeon Overview and Level Annotations

Branches:
Dungeon (2/15)

Altars:


Innate Abilities, Weirdness & Mutations

You have very sharp teeth.
Your uncanny sense of smell can sniff out nearby items.
Your experience applies equally to all skills.


Message History

Something hits you.
The orc wizard hits you with a +0 dagger.
The kobold completely misses you.
The orc wizard hits you but does no damage.
You hit the orc wizard.
The orc wizard is severely wounded.
You hear some strange, mumbled words.
You are confused.
The kobold hits you but does no damage.
The orc wizard points at you and mumbles some strange words.
The puff of flame misses you.
An endoplasm comes into view.
The endoplasm quivers.
The orc wizard gestures wildly while chanting.
The orc wizard flickers and vanishes!
You hear some strange, mumbled words.
You are more confused.
The kobold attacks as you move away! The kobold misses you.
Something completely misses you. The kobold barely misses you.
You hear some strange, mumbled words.
A puff of flame appears from out of thin air!
The puff of flame hits you!
You miss the kobold. Your bite misses the kobold.
The kobold hits you with a +3 short sword.
* * * LOW HITPOINT WARNING * * *
Something hits you.
* * * LOW HITPOINT WARNING * * *
The kobold barely misses you.
You feel yourself speed up. Something hits you.
* * * LOW HITPOINT WARNING * * *
The kobold misses you. The orc hits you but does no damage.
You're too confused to move!
You hear some strange, mumbled words.
Something tries to affect you, but you resist.
Something hits you but does no damage.
You barely miss something. Your bite misses something.
You hear some strange, mumbled words.
A puff of flame appears from out of thin air!
The puff of flame hits you!
You die...

.....##............#
...................
...................
..................
.................. #..
.............. #.#
#....#....... #####@#
#....#.......
#.....####....#...####
+.....{o..............
#....JK.....?.........
#...................##
#............†........
#.....................
#.....................
#...............###...


You could see an endoplasm and a kobold.

Vanquished Creatures
  An adder (D:2)
  A worm (D:2)
  A dart slug (D:1)
  An endoplasm (D:1)
  A goblin (D:1)
  2 hobgoblins (D:2)
  2 kobolds
  A ball python (D:1)
  A bat (D:1)
  5 frilled lizards (D:1)
  4 rats (D:1)
20 creatures vanquished.

Notes
Turn   | Place    | Note
-------+----------+-------------------------------------------
     0 | D:1      | PLAYERX the Gnoll Wanderer began the quest for the Orb.
     0 | D:1      | PLAYERX set off with the following items: a +2 mace, a +0
                  | scale mail, a potion of haste; and the following spell
                  | memorised: Freeze; and the following spells available to
                  | memorise: Frozen Ramparts.
     0 | D:1      | Reached XP level 1. HP: 17/17 MP: 6/6
   346 | D:1      | Reached XP level 2. HP: 22/23 MP: 7/7
  1039 | D:2      | Reached skill level 5 in Spellcasting
  1039 | D:2      | Reached XP level 3. HP: 28/28 MP: 7/9
  1189 | D:2      | Killed from afar by an orc wizard

Illustrated notes

Levels and vault maps discovered:
D:1:      dpeg_arrival_line_fractal, layout_basic, minmay_misc_feat_plants
D:2:      layout_basic, minmay_tall_x

Skill      XL: |  1  2 |
---------------+-------+-----
Ice Magic      | 2 |  2.1
Spellcasting   | 5 |  5.0
Fighting       | |  2.6
Short Blades   | |  0.7
Long Blades    | |  0.7
Axes           | |  0.7
Maces & Flails | |  6.5
Polearms       | |  0.7
Staves         | |  0.7
Ranged Weapons | |  0.7
Throwing       | |  0.7
Armour         | |  2.6
Dodging        | |  2.6
Stealth        | |  2.3
Shields        | |  0.7
Unarmed Combat | |  0.7
Conjurations   | |  0.5
Hexes          | |  0.5
Summonings     | |  0.5
Necromancy     | |  0.5
Translocations | |  0.5
Transmutations | |  0.5
Fire Magic     | |  0.5
Air Magic      | |  0.5
Earth Magic    | |  0.5
Poison Magic   | |  0.5
Invocations    | |  0.9
Evocations     | |  0.7

Action                     || total
---------------------------++-------
  Melee: Mace              ||    66
         Bite              ||     3
    Use: Potion            ||     1
 Armour: Scale mail        ||    34
  Dodge: Dodged            ||    31

Table legend: (Time is in decaauts)
 A = Elapsed time spent in this place.
 B = Non-inter-level travel time spent in this place.
 C = Inter-level travel time spent in this place.
 D = Time resting spent in this place.
 E = Time spent auto-exploring this place.
 F = Levels seen in this place.
 G = Mean time per level.
                   A        B        C        D        E       F      G
               +--------+--------+--------+--------+--------+-----+--------+
         Total |   1192 |   1192 |      0 |     61 |    669 |   2 |  596.0 |
       Dungeon |   1192 |   1192 |      0 |     61 |    669 |   2 |  596.0 |
               +--------+--------+--------+--------+--------+-----+--------+

Top non-repeatable levels by time:
     D:1: 966 daAuts
     D:2: 225 daAuts
